AoeStats
← Babifort

Arena

510537731Analyzed
1v1 RM · 1d ago on Oct 1, 2026· 57m 5s· 2 players
Game mode
Random Map
Map size
Tiny (2 player)
Population
200
Speed
Normal
Resources
Standard
Victory
Conquest
Starting age
Dark Age
Ending age
Imperial Age
RankedLock teamsTeams togetherTeam positionsShared explorationLock speedFull tech treeHidden civsTurbo modeCheats
Victory
Defeat
🇫🇷 Bohemians · France
1495
+15
🇨🇦 Malay · Canada
1472
-15
Trollexander_the_Great
9:09 Feudal Age
8:52 Double-Bit Axe
8:56 Horse Collar
16:02 Castle Age
16:28 Bow Saw
17:26 Light Cavalry
20:13 Wheelbarrow
24:30 Loom
24:55 Gold Mining
24:51 Crossbowman
25:37 Thumb Ring
28:16 Imperial Age
25:32 Crossbowman
27:01 Thumb Ring
27:25 Fletching
27:36 Padded Archer Armor
28:19 Ballistics
28:44 Bodkin Arrow
29:04 Leather Archer Armor
30:31 Chemistry
30:11 Bracer
30:37 Arbalester
32:18 Ring Archer Armor
32:49 Conscription
33:51 Hand Cart
35:19 Siege Engineers
37:00 Masonry
39:22 Elite Skirmisher
41:26 Murder Holes
45:42 Elite Battle Elephant
48:00 Forging
47:56 Scale Barding Armor
48:41 Guilds
50:03 Devotion
50:30 Town Watch
50:48 Husbandry
Babifort
8:29 Loom
10:14 Feudal Age
14:56 Castle Age
13:14 Double-Bit Axe
13:49 Horse Collar
16:20 Bow Saw
18:55 Fervor
23:12 Chemistry
24:39 Wheelbarrow
23:50 Town Watch
28:45 Imperial Age
26:59 Masonry
27:17 Padded Archer Armor
27:00 Pikeman
28:18 Hand Cart
28:45 Elite Skirmisher
29:50 Leather Archer Armor
29:59 Fletching
30:19 Forging
30:10 Scale Mail Armor
29:44 Halberdier
31:19 Ring Archer Armor
31:25 Conscription
32:17 Two-Man Saw
32:26 Heavy Plow
32:25 Bodkin Arrow
33:06 Iron Casting
33:41 Hussite Reforms
35:00 Ballistics
35:30 Houfnice
36:56 Bracer
38:39 Siege Engineers
41:42 Squires
41:58 Chain Mail Armor
42:43 Blast Furnace
43:55 Plate Mail Armor
48:17 Guilds
51:35 Devotion
52:02 Illumination
51:38 Atonement
Connection lost

Rejoining the realm…

Still unreachable

The connection could not be restored.

Session expired

The server has moved on; the page needs a fresh start.